 Dungeon Crawl Stone Soup version 0.30.1-11-g7821555f0a (webtiles) character file.

Game seed: 10377101758427858747

3759 Eryximachus the Reanimator (level 9, 0/72 HPs)
             Began as a Mummy Necromancer on Nov 18, 2023.
             Was an Initiate of Gozag.
             Slain by a killer bee (4 damage)
             ... on level 7 of the Dungeon on Nov 19, 2023.
             The game lasted 01:09:00 (11354 turns).

Eryximachus the Reanimator (Mummy Necromancer)     Turns: 11354, Time: 01:09:01

Health: 0/72       AC:  4    Str: 12    XL:     9   Next: 94%
Magic:  3/18       EV: 12    Int: 18    God:    Gozag
Gold:   576        SH:  0    Dex: 12    Spells: 6/20 levels left

rFire   x . .        B - +3 spear (venom)
rCold   + . .        (no shield)
rNeg    + + +        l - +0 robe {Will+}
rPois   ∞            (no helmet)
rElec   .            k - +0 cloak
rCorr   .            (no gloves)
SInv    .            j - +0 pair of boots
Will    ++...        (no amulet)
Stlth   ++           (no ring)
HPRegen 0.32/turn    (no ring)
MPRegen 0.16/turn

%: faith
@: gold aura
A: cold resistance 1, negative energy resistance 3, torment resistance 2, heat
vulnerability 1, in touch with death 1, no potions, faith
a: Renounce Religion, Potion Petition, Call Merchant, Bribe Branch


You were on level 7 of the Dungeon.
You worshipped Gozag.
Gozag was pleased with you.
You visited 2 branches of the dungeon, and saw 10 of its levels.

You collected 640 gold pieces.
You paid 64 gold pieces to Gozag.


Innate Abilities, Weirdness & Mutations

You are immune to poison.
Your flesh is cold resistant. (rC+)
You are immune to negative energy. (rN+++)
You are immune to unholy pain and torment.
You are vulnerable to heat. (rF-)
You are in touch with the powers of death.
You do not drink.
You have a special connection with the divine. (Faith)


   Skills:
 - Level 7.0 Fighting
 - Level 3.0 Dodging
 - Level 3.0 Stealth
 - Level 6.0 Spellcasting
 + Level 4.9 Conjurations
 * Level 2.9 Hexes
 * Level 2.6 Summonings
 - Level 8.0 Necromancy
 - Level 2.0 Evocations


You had 6 spell levels left.
You knew the following spells:

 Your Spells              Type           Power      Damage    Failure   Level
d - Orb of Destruction    Conj           11%        9d6       100%        7
g - Summon Guardian Gole  Hex/Summ       15%        N/A       12%         3
v - Vampiric Draining     Necr           50%        2d9       1%          3
X - Necrotise             Necr           100%       1d9       1%          1

Your spell library contained the following spells:

 Spells                   Type           Power      Damage    Failure   Level
 Slow                     Hex            60%        N/A       3%          1
 Shock                    Conj/Air       56%        1d6       4%          1
 Ensorcelled Hibernation  Hex/Ice        20%        N/A       10%         2
 Confusing Touch          Hex            15%        N/A       11%         3
 Tukima's Dance           Hex            15%        N/A       11%         3
 Freeze                   Ice            20%        1d4       12%         1
 Agony                    Necr           50%        N/A       12%         5
 Hailstorm                Conj/Ice       14%        3d5       13%         3
 Passwall                 Tmut/Erth      4%         N/A       19%         2
 Portal Projectile        Hex/Tloc       20%        N/A       21%         3
 Frozen Ramparts          Ice            10%        1d2       34%         3
 Swiftness                Air            5%         N/A       34%         3
 Airstrike                Air            2%         2d(1-17)  75%         4
 Petrify                  Tmut/Erth      5%         N/A       75%         4
 Irradiate                Conj/Tmut      7%         3d14      77%         5
 Spellforged Servitor     Conj/Summ      9%         N/A       100%        7
 Sublimation of Blood     Necr           Unusable   N/A       N/A         2
 Animate Dead             Necr           Unusable   N/A       N/A         4
 Blade Hands              Tmut           Unusable   N/A       N/A         5

Inventory:

Hand Weapons
 e - a +0 dagger of venom
 B - a +3 spear of venom (weapon)
Missiles
 f - 67 stones
 h - 2 throwing nets {=f}
 u - 33 poisoned darts (quivered)
Armour
 j - a +0 pair of boots (worn)
 k - a +0 cloak (worn)
 l - a +0 robe of willpower (worn)
 r - a scarf of invisibility
Jewellery
 C - a ring of ice
 E - a +5 ring of evasion
Wands
 n - a wand of iceblast (6)
 s - a wand of polymorph (9)
 v - a wand of flame (11)
 y - a wand of charming (1)
 z - a wand of acid (2)
Scrolls
 a - a scroll of amnesia
 b - a scroll of summoning
 d - 2 scrolls of fear
 g - a scroll of poison
 i - 3 scrolls of vulnerability
 m - 2 scrolls of brand weapon
 o - a scroll of magic mapping
 p - a scroll of fog
 q - a scroll of blinking {unknown}
 t - a scroll of enchant weapon {unknown}
 w - a scroll of enchant armour
 x - a scroll of immolation {unknown}

Dungeon Overview and Level Annotations

Branches:
Dungeon (9/15)             Temple (1/1) D:5
   Lair: D:8-11         Orc: D:9-12

Altars:
Ashenzari
Dithmenos
Fedhas
Gozag
Kikubaaqudgha
Makhleb
Ru
Trog
Uskayaw
Vehumet
Wu Jian

Annotations:
D:7 exclusion: shadow
D:8 exclusion: 2 wights

.......#................########.
#####..#................#.....##.
...##..#......#+##......+........
...'...#..<...'..#......#........
...#...#......#..#......####+###+
...##'##......#..#...........$...
..............#..#...............
..$...........#..###'###.........
..............#.@#.....#.........
............!.#yy#.....#......$##
...#####......##$##....+.......#.
...#...#......#.$##....#.......#.
...#...#......#..#######.......#.
...'...#......#..# #.......#.
...#...#......#........#.......##
'###...#......#........#.......#.
..##...#......#........+.......#.


You could see 2 killer bees.


Message History

* * * LOW HITPOINT WARNING * * *
The killer bee is distracted by your dazzling golden aura.
The killer bee barely misses you.
Casting: Vampiric Draining (safe; 1% risk of failure)
Confirm with . or Enter, or press ? or * to list all spells.
You don't have enough magic to cast this spell.
The killer bee is no longer distracted by gold.
The killer bee closely misses you. x2
Casting: Vampiric Draining (safe; 1% risk of failure)
Confirm with . or Enter, or press ? or * to list all spells.
You don't have enough magic to cast this spell.
Unknown command.
You hit the killer bee but do no damage.
The killer bee is poisoned.
The killer bee stings you but does no damage.
The killer bee closely misses you. The killer bee barely misses you. x2
You closely miss the killer bee.
The killer bee is severely wounded.
The killer bee stings you.
* * * LOW HITPOINT WARNING * * *
The killer bee closely misses you. The killer bee stings you.
* * * LOW HITPOINT WARNING * * *
The killer bee closely misses you.
You miss the killer bee.
The killer bee is severely wounded.
The killer bee barely misses you. The killer bee stings you!
* * * LOW HITPOINT WARNING * * *
The killer bee stings you.
You die...
Your body crumbles into a pile of gold.

Skill      XL: |  1  2  3  4  5  6  7  8  9 |
---------------+----------------------------+-----
Spellcasting   | 3 4 5 6 |  6.0
Stealth        | 2 3 |  3.0
Dodging        | 2 3 |  3.0
Necromancy     | 5 6 8 |  8.0
Fighting       | 2 3 5 7 |  7.0
Evocations     | 1 2 |  2.0
Conjurations   | 2 4 |  4.9
Hexes          | 2 |  2.9
Summonings     | 2 |  2.6

Action                     |  1- 3 |  4- 6 |  7- 9 || total
---------------------------+-------+-------+-------++-------
  Melee: Dagger            |    33 |    79 |   251 ||   363
         Unarmed           |     2 |       |       ||     2
         Punch             |     1 |     1 |     7 ||     9
         Spear             |       |       |    91 ||    91
  Throw: Stone             |     5 |     3 |     5 ||    13
         Dart              |       |       |     6 ||     6
   Cast: Necrotise         |    46 |    91 |    60 ||   197
         Vampiric Draining |       |     4 |    70 ||    74
  Evoke: Wand              |       |       |    11 ||    11
    Use: Scroll            |     3 |     3 |     7 ||    13
   Stab: Sleeping          |     2 |     4 |     2 ||     8
 Armour: Robe              |    15 |    27 |    95 ||   137
  Dodge: Dodged            |    29 |    71 |   305 ||   405

Levels and vault maps discovered:
D:1:      saegor_arrival_miasma, layout_basic
D:2:      layout_basic, basic_altar
D:3:      layout_loops_ring
D:4:      layout_rooms, overflow_temple_1_default
D:5:      layout_rooms, minmay_temple_entry_poolview
D:6:      layout_basic
D:7:      layout_gridville
D:8:      layout_loops_ring
D:9:      gammafunk_indiana_jones, layout_loops_ring, serial_rivers,
          chequers_serial_rivers_marsh, chequers_serial_rivers_micro_e,
          chequers_serial_rivers_room_a, chequers_serial_rivers_large_a,
          chequers_serial_rivers_room_b, chequers_serial_rivers_small_3
Temple:   nicolae_temple_bog_church

Notes
Turn   | Place    | Note
-------+----------+-------------------------------------------
     0 | D:1      | Eryximachus the Mummy Necromancer began the quest for the
                  | Orb.
     0 | D:1      | Reached XP level 1. HP: 13/13 MP: 4/4
   236 | D:1      | Reached XP level 2. HP: 9/19 MP: 5/5
   288 | D:1      | Reached skill level 3 in Spellcasting
   481 | D:1      | Reached skill level 2 in Stealth
   552 | D:1      | Reached skill level 2 in Dodging
  1218 | D:3      | Gained mutation: You are in touch with the powers of death.
                  | [Mummy growth]
  1218 | D:3      | Reached XP level 3. HP: 24/24 MP: 5/7
  1682 | D:2      | Reached skill level 5 in Necromancy
  1782 | D:2      | Reached XP level 4. HP: 30/30 MP: 1/8
  1845 | D:2      | Learned a level 3 spell: Vampiric Draining
  2457 | D:3      | Reached skill level 6 in Necromancy
  2457 | D:3      | Reached XP level 5. HP: 31/35 MP: 1/9
  2692 | D:3      | Reached skill level 1 in Fighting
  3103 | D:4      | Noticed a phantom
  3305 | D:4      | Found a radiant altar of Vehumet.
  3359 | D:5      | Entered Level 5 of the Dungeon
  3411 | D:5      | Reached skill level 2 in Fighting
  3411 | D:5      | Reached skill level 4 in Spellcasting
  3442 | D:5      | Reached XP level 6. HP: 44/44 MP: 3/12
  3999 | D:5      | Noticed a steam dragon
  4009 | D:5      | Reached skill level 3 in Fighting
  4016 | D:5      | Reached skill level 5 in Spellcasting
  4183 | D:5      | HP: 1/47 [steam dragon/ball of steam (34)]
  4185 | D:5      | Killed a steam dragon
  4186 | D:5      | Reached skill level 1 in Evocations
  4186 | D:5      | Reached XP level 7. HP: 5/52 MP: 6/14
  4696 | D:5      | Found a staircase to the Ecumenical Temple.
  4709 | Temple   | Entered the Ecumenical Temple
  4718 | Temple   | Became a worshipper of Gozag Ym Sagoz the Greedy
  5424 | D:6      | Reached XP level 8. HP: 54/60 MP: 3/16
  5451 | D:6      | Reached skill level 3 in Stealth
  5541 | D:6      | Reached skill level 6 in Spellcasting
  5749 | D:6      | Reached skill level 2 in Evocations
  5759 | D:6      | Reached skill level 3 in Dodging
  5768 | D:6      | Reached skill level 4 in Fighting
  6104 | D:6      | Reached skill level 7 in Necromancy
  6217 | D:6      | Reached skill level 5 in Fighting
  6498 | D:6      | HP: 5/62 [phantom (4)]
  7205 | D:4      | Reached skill level 8 in Necromancy
  7362 | D:4      | Learned a level 7 spell: Orb of Destruction
  7446 | D:7      | Reached skill level 1 in Conjurations
  7727 | D:7      | Reached skill level 2 in Conjurations
  7974 | D:7      | Reached XP level 9. HP: 44/69 MP: 11/18
  8186 | D:7      | Reached skill level 6 in Fighting
  8262 | D:7      | Reached skill level 3 in Conjurations
  8771 | D:7      | Reached skill level 4 in Conjurations
  9748 | D:8      | Learned a level 3 spell: Summon Guardian Golem
 10237 | D:8      | Reached skill level 1 in Hexes
 10498 | D:9      | Reached skill level 1 in Summonings
 10805 | D:9      | Noticed a two-headed ogre
 10959 | D:9      | Reached skill level 7 in Fighting
 10959 | D:9      | Reached skill level 2 in Hexes
 11078 | D:9      | Reached skill level 2 in Summonings
 11354 | D:7      | HP: 4/72 [killer bee (7)]
 11354 | D:7      | Slain by a killer bee

Vanquished Creatures
  A wyvern (D:7)
  2 steam dragons
  3 vampire mosquitoes (D:9)
  3 black bears
  2 ogres (D:7)
  A sky beast (D:7)
  4 centaurs
  2 phantoms
  3 kobold brigands
  3 bullfrogs
  2 gnoll sergeants
  3 scorpions
  5 killer bees
  A howler monkey (D:9)
  7 hounds
  3 orc priests
  3 iguanas
  A sleepcap (D:6)
  5 orc wizards
  12 gnolls
  14 adders
  2 ufetubi
  4 worms
  2 dart slugs (D:1)
  21 orcs
  11 ball pythons
  4 endoplasms
  4 giant cockroaches
  4 goblins
  7 hobgoblins
  5 quokkas
  4 bats
  3 frilled lizards
  23 kobolds
  6 rats
180 creatures vanquished.

Vanquished Creatures (collateral kills)
  3 endoplasms
  A kobold (D:4)
4 creatures vanquished.

Vanquished Creatures (others)
  A vampire mosquito (D:9)
1 creature vanquished.

Grand Total: 185 creatures vanquished

Table legend: (Time is in decaauts)
 A = Elapsed time spent in this place.
 B = Non-inter-level travel time spent in this place.
 C = Inter-level travel time spent in this place.
 D = Time resting spent in this place.
 E = Time spent auto-exploring this place.
 F = Levels seen in this place.
 G = Mean time per level.
                   A        B        C        D        E       F      G
               +--------+--------+--------+--------+--------+-----+--------+
         Total |  11386 |  10567 |    819 |   3751 |   1924 |  10 | 1138.6 |
       Dungeon |  11367 |  10556 |    811 |   3751 |   1924 |   9 | 1263.0 |
        Temple |     19 |     11 |      8 |      0 |      0 |   1 |   19.0 |
               +--------+--------+--------+--------+--------+-----+--------+

Top non-repeatable levels by time:
     D:7: 1982 daAuts
     D:6: 1917 daAuts
     D:8: 1305 daAuts
     D:4: 1304 daAuts
     D:3: 1230 daAuts
     D:5: 1123 daAuts
     D:2: 1122 daAuts
     D:1: 711 daAuts
     D:9: 669 daAuts
  Temple: 19 daAuts

Table legend:
 A = Non-vault XP
 B = Vault XP
 C = Vault XP percentage of total XP
 D = Non-vault monster count
 E = Vault monster count
 F = Vault count percentage of total count
                 A         B        C        D         E       F
            +---------+---------+-------+---------+---------+-------
      Total |    5370 |       0 |   0.0 |     185 |       0 |   0.0
            +---------+---------+-------+---------+---------+-------
        D:1 |      32 |       0 |   0.0 |      18 |       0 |   0.0
        D:2 |      71 |       0 |   0.0 |      19 |       0 |   0.0
        D:3 |     182 |       0 |   0.0 |      27 |       0 |   0.0
        D:4 |     247 |       0 |   0.0 |      19 |       0 |   0.0
        D:5 |     762 |       0 |   0.0 |      29 |       0 |   0.0
        D:6 |    1092 |       0 |   0.0 |      30 |       0 |   0.0
        D:7 |    1445 |       0 |   0.0 |      20 |       0 |   0.0
        D:8 |     552 |       0 |   0.0 |      14 |       0 |   0.0
        D:9 |     987 |       0 |   0.0 |       9 |       0 |   0.0
            +---------+---------+-------+---------+---------+-------
